Unix NetHack Version 5.0.0-0 post-release - last build May 23 2026 06:08:33 (1c0ff79ee797540d5714e4e18072db0edd9e58ae,branch:main).

Game began 2026-05-29 04:34:44, ended 2026-05-29 05:13:32.

Brudee, neutral female human Tourist

                                  ...     -.--
                               ..............|                |.-
                              ........[.[...#)               ....
                             ..........).....|#   -.....-   ....-
                          --.....     [....---  --........ ......
                         --.....      -..---    #................
                       ---.()|.      |.).| ---  -...............-
                    ---....---    ----.--- -.....).............--
                   -[[.(...|      |.)..#-  .@---..|      ..-
                   .<--..         -.---..)...|...--
                   ---            ..| |........---
                                  ---  ...))....
                                         ...

Brudee the Excursionist     St:12 Dx:13 Co:16 In:13 Wi:9 Ch:17  Neutral S:5494
Dlvl:5  $:2655 HP:0(63) Pw:20(20) AC:0  Xp:7/678 T:3127  Burdened Blind

Latest messages:
 The pony drops an arrow.
 You see here a bow.
 You swap places with your pony.
 You swap places with Sparky.
 You have a little trouble lifting Z - an orange potion.
 You stop.  Sparky is in the way!
 You swap places with your pony.
 You start digging.
 You hit the rock with all your might.
 You hear a nearby zap.
 The bolt of lightning whizzes by you!
 You are blinded by the flash!
 You stop digging.
 You feel an unseen monster!
 It misses.
 You are hit.
 You miss it.
 It misses.
 In what direction? h
 You attack thin air.
 You hear some noises.
 You have a little trouble lifting Y - a +4 dart (at the ready) (7 in total).
 You hear a ripping sound.
 You hear a wolf howling at the moon.
 You feel an unseen monster!
 You feel an unseen monster!
 Something growls!
 You feel hemmed in.
 It bites!
 You hear some noises.
 Wait!  There's something there you can't see!
 It misses!
 It bites!
 It bites!
 It bites!
 In what direction? b
 You throw 2 darts.
 The 1st dart hits it!
 The 2nd dart hits it!
 It bites!
 It misses!
 It misses!
 It bites!
 In what direction? j
 The dart hits it!
 It bites!
 It bites!
 You die...
 Do you want your possessions identified? [ynq] (y) y
 Do you want to see your attributes? [ynq] (y) q

Inventory:
 Coins    ('$')
  $ - 2655 gold pieces
 Weapons  (')')
  z - a +4 dart
  Y - 4 +4 darts (at the ready)
  o - 6 +1 darts
 Armor    ('[')
  V - an uncursed +0 orcish helm (being worn)
  I - an uncursed +0 pair of leather gloves (being worn)
  j - an uncursed +4 Hawaiian shirt with a sea turtle motif (being worn)
  X - a cursed -1 elven mithril-coat (being worn)
 Comestibles  ('%')
  f - an uncursed cram ration
  c - 5 uncursed food rations
  J - 2 uncursed oranges
  e - 3 uncursed tripe rations
  B - a cursed rotten tin of newt meat
  H - an uncursed tin of boiled yellow mold
 Scrolls  ('?')
  x - an uncursed scroll of create monster
  u - an uncursed scroll of destroy armor
  W - a blessed scroll of identify
  T - an uncursed scroll of identify
  m - an uncursed scroll of scare monster
  K - an uncursed scroll of scare monster
 Potions  ('!')
  g - 2 blessed potions of extra healing
  w - a cursed potion of extra healing
  t - a blessed potion of fruit juice
  Z - an uncursed potion of gain ability
  L - a cursed potion of gain ability
  G - an uncursed potion of gain energy
  v - 2 blessed potions of healing
  n - an uncursed potion of healing
  r - 2 cursed potions of healing
  R - a blessed potion of sleeping
  q - 2 uncursed potions of speed
  P - an uncursed potion of water
 Rings    ('=')
  M - an uncursed +1 ring of increase damage
  F - an uncursed ring of levitation
 Wands    ('/')
  U - a wand of cold (0:5)
  C - a wand of magic missile (0:4)
  E - a wand of magic missile (0:4)
 Tools    ('(')
  l - an uncursed credit card
  k - an expensive camera (0:68)
  A - a +0 pick-axe (weapon in right hand)
 Gems/Stones  ('*')
  N - an uncursed worthless piece of black glass
  D - an uncursed worthless piece of green glass

Brudee the Tourist's attributes:

Background:
 You were an Excursionist, a level 7 female human Tourist.
 You were neutral, nominally on a mission for The Lady
 who was opposed by Blind Io (lawful) and Offler (chaotic).
 You were right-handed.
 You were in the Gnomish Mines, on level 5.
 You entered the dungeon 3127 turns ago.
 It was nighttime.
 You had 678 experience points, 602 more were needed to attain level 8.
 Your score was 5494 before end-of-game adjustments.

Basics:
 You had 0 out of 63 hit points.
 You had all 20 energy points (spell power).
 Your armor class was 0.
 Your wallet contained 2655 zorkmids.
 Autopickup was on for '$!=+?/"' plus thrown.

Final Characteristics:
 Your strength was 12 (limit:18/100).
 Your dexterity was 13 (limit:18).
 Your constitution was 16 (limit:18).
 Your intelligence was 13 (limit:18).
 Your wisdom was 9 (limit:18).
 Your charisma was 17 (limit:18).

Final Status:
 You were temporarily blind.
 You weren't hungry.
 You were burdened; movement was slightly slowed.
 You were wielding a pick-axe.
 You were unskilled in pick-axe.

Final Attributes:
 You were piously aligned.
 You were guarded.
 Your spell casting was impaired by metallic armor.
 You are dead.

Miscellaneous:
 You didn't encounter any bones levels.
 Total elapsed playing time was 38 minutes and 47 seconds.

Major events:
 Turn
    1: Brudee the neutral female human Tourist entered the dungeon
  806: attained the rank of Sightseer (level 3)
 1870: attained the rank of Excursionist (level 6)
 2363: entered the Gnomish Mines
 3127: killed by a wolf

Spells:
 Name                 Level Category     Fail Retention
 light                  1   divination   100%  76%-100%
 drain life             2   attack       100%  76%-100%

Skills:
 Fighting Skills
   bare handed combat [Unskilled]
   two weapon combat  [Unskilled]
   riding             [Unskilled]
 Weapon Skills
   dagger             [Unskilled]
   knife              [Unskilled]
   axe                [Unskilled]
   pick-axe           [Unskilled]
   short sword        [Unskilled]
   broadsword         [Unskilled]
   long sword         [Unskilled]
   two-handed sword   [Unskilled]
   saber              [Unskilled]
   mace               [Unskilled]
   morning star       [Unskilled]
   flail              [Unskilled]
   hammer             [Unskilled]
   quarterstaff       [Unskilled]
   polearms           [Unskilled]
   spear              [Unskilled]
   trident            [Unskilled]
   lance              [Unskilled]
   bow                [Unskilled]
   sling              [Unskilled]
   crossbow           [Unskilled]
   dart               [Skilled]
   shuriken           [Unskilled]
   boomerang          [Unskilled]
   whip               [Unskilled]
   unicorn horn       [Unskilled]
 Spellcasting Skills
   divination spells  [Unskilled]
   enchantment spells [Unskilled]
   escape spells      [Unskilled]

Voluntary challenges:
 Character rerolling was not enabled.
 You followed a strict vegan diet.
 You were an atheist.
 You never genocided any monsters.
 You never polymorphed an object.
 You never changed form.
 You used no wishes.
Achievements:
 You entered a shop.
 You attained the rank of Sightseer.
 You attained the rank of Excursionist.
 You entered the Gnomish Mines.

 The Dungeons of Doom: levels 1 to 5
    Level 1:
       A fountain.
    Level 2:
       A scroll shop.
    Level 3:
       Stairs down to The Gnomish Mines.
    Level 4:
       A vegetarian food shop, some fountains, a sink.
    Level 5:
       A general store.
 The Gnomish Mines: levels 4 to 5
    Level 4:
    Level 5: <- You were here.
       Final resting place for
          you, killed by a wolf.


Vanquished creatures:
  a giant mimic
  a large mimic
  a small mimic
  a dingo
 an orc shaman
  a rock mole
  6 fog clouds
  5 gnome leaders
  5 giant ants
  a little dog
  4 dwarves
  a homunculus
  a giant bat
  2 wererats
  3 hobbits
  a hobgoblin
  a brown mold
  a yellow mold
 20 gnomes
  a gecko
  3 jackals
  2 kobolds
  2 goblins
  2 sewer rats
  3 grid bugs
  6 lichens
  3 kobold zombies
 11 newts
90 creatures vanquished.

No species were genocided or became extinct.

Game over:
                       ----------
                      /          \
                     /    REST    \
                    /      IN      \
                   /     PEACE      \
                  /                  \
                  |      Brudee      |
                  |     2655 Au      |
                  | killed by a wolf |
                  |                  |
                  |                  |
                  |                  |
                  |       2026       |
                 *|     *  *  *      | *
        _________)/\\_//(\/(/\)/\//\/|_)_______

Aloha Brudee the Tourist...

You died in The Gnomish Mines on dungeon level 5 with 5261 points,
and 2655 pieces of gold, after 3127 moves.
You were level 7 with a maximum of 63 hit points when you died.

